 Dungeon Crawl Stone Soup version 0.22-a0-782-g038298e (webtiles) character file.

27 Amnesiac the Digger (level 2, 0/19 HPs)
             Began as a Mummy Earth Elementalist on July 20, 2018.
             Slain by an orc
             ... wielding a +1 flail of protection
              (8 damage)
             ... on level 3 of the Dungeon.
             The game lasted 00:01:14 (355 turns).

Amnesiac the Digger (Mummy Earth Elementalist)       Turns: 355, Time: 00:01:15

Health: 0/19       AC:  2    Str: 11    XL:     2   Next: 93%
Magic:  4/6        EV: 12    Int: 14    God:
Gold:   10         SH:  0    Dex: 12    Spells: 4/7 levels left

rFire    x . .     SeeInvis .   (no weapon)
rCold    + . .     Gourm    .   (no shield)
rNeg     + + +     Faith    .   c - +0 robe
rPois    ∞         Spirit   .   (no helmet)
rElec    .         Reflect  .   (no cloak)
rCorr    .         Harm     .   (no gloves)
MR       .....                  (no boots)
Stlth    ++........             (no amulet)
HPRegen  0.06/turn              (no ring)
MPRegen  0.10/turn              (no ring)

@: no status effects
A: no food or potions, fire vulnerability, cold resistance 1, negative energy
resistance 3, torment resistance, unbreathing
a: no special abilities


You were on level 3 of the Dungeon.
You were not hungry.

You visited 1 branch of the dungeon, and saw 3 of its levels.

You collected 10 gold pieces.

Inventory:

Hand Weapons
 e - a +0 trident
Missiles
 b - 45 stones (quivered)
Armour
 c - a +0 robe (worn)
Scrolls
 a - 2 scrolls of remove curse {!r, unknown}
 d - a scroll of teleportation {!r, unknown}


   Skills:
 + Level 1.8 Dodging
 - Level 1.5 Stealth
 + Level 3.0 Spellcasting
 - Level 0.7 Transmutations
 * Level 3.1 Earth Magic


You had 4 spell levels left.
You knew the following spells:

 Your Spells              Type           Power        Failure   Level  Hunger
a - Sandblast             Erth           ##....       6%          1    N/A
b - Passwall              Tmut/Erth      #.......     14%         2    N/A

Your spell library contained the following spells:

 Spells                   Type           Power        Failure   Level  Hunger
 Stone Arrow              Conj/Erth      #.....       32%         3    N/A
 Lee's Rapid Deconstruct  Erth           ##........   86%         5    N/A
 Petrify                  Tmut/Erth      #.......     67%         4    N/A

Dungeon Overview and Level Annotations

Branches:
Dungeon (3/15)

Altars:


Innate Abilities, Weirdness & Mutations

You do not eat or drink.
Your flesh is vulnerable to fire.
You are immune to poison.
Your flesh is cold resistant. (rC+)
You are immune to negative energy. (rN+++)
You are immune to unholy pain and torment.
You can survive without breathing.


Message History

You kill the orc!
b - 45 stones
Casting: Sandblast (safe; 6% risk of failure)
Confirm with . or Enter, or press ? or * to list all spells.
You don't have enough magic to cast that spell.
Casting: Sandblast (safe; 6% risk of failure)
Confirm with . or Enter, or press ? or * to list all spells.
You don't have enough magic to cast that spell.
Casting: Sandblast (safe; 6% risk of failure)
Confirm with . or Enter, or press ? or * to list all spells.
You don't have enough magic to cast that spell.
Casting: Sandblast (safe; 6% risk of failure)
Confirm with . or Enter, or press ? or * to list all spells.
You don't have enough magic to cast that spell.
Press: ? - help, v - describe, . - travel
Here: an orc, wielding a flail of protection The floor.
Casting: Sandblast (safe; 6% risk of failure)
Confirm with . or Enter, or press ? or * to list all spells.
You don't have enough magic to cast that spell.
Casting: Sandblast (safe; 6% risk of failure)
Confirm with . or Enter, or press ? or * to list all spells.
You don't have enough magic to cast that spell.
Casting: Sandblast (safe; 6% risk of failure)
Confirm with . or Enter, or press ? or * to list all spells.
You don't have enough magic to cast that spell.
Casting: Sandblast (safe; 6% risk of failure)
Confirm with . or Enter, or press ? or * to list all spells.
You don't have enough magic to cast that spell.
Wield which item (- for none, * to show all)? (? for menu, Esc to quit)
Okay, then.
Unknown command.
The orc hits you with a flail of protection!
* * * LOW HITPOINT WARNING * * *
There is a stone staircase leading up here.
The orc hits you with a flail of protection.
* * * LOW HITPOINT WARNING * * *
Your magical contamination has completely faded away.
You see here a worm corpse.
Things that are here:
a trident; a club; a dagger
e - a trident The orc barely misses you.
You see here a ration.
A leopard gecko comes into view.
You see here a short sword.
A jackal comes into view.
Found a stone staircase leading down. 2 jackals come into view.
The jackal barks!
A jackal comes into view.
The jackal moves out of view.
The jackal barks! x2
The jackal barks!
The jackal bites you.
* * * LOW HITPOINT WARNING * * *
Really attack barehanded?
Okay, then.
Wield which item (- for none, * to show all)? (? for menu, Esc to quit)
Okay, then.
Okay, then.
The jackal bites you but does no damage.
The orc hits you with a flail of protection!
You die...

......... #...>...#
#....... ...... #### ...#
##..# #.####
#######...#########)).%.
##.......................
#.....hh@..##############
#......h.o.# #.....h...>#
#..........# ############


You could see an orc and 4 jackals.

Vanquished Creatures
  An ooze (D:1)
  A worm (D:3)
  2 leopard geckos
  4 orcs (D:3)
  3 hobgoblins
  A jackal (D:1)
  A frilled lizard (D:1)
13 creatures vanquished.

Notes
Turn   | Place    | Note
-------+----------+-------------------------------------------
     0 | D:1      | Amnesiac the Mummy Earth Elementalist began the quest for the Orb.
     0 | D:1      | Reached XP level 1. HP: 13/13 MP: 4/4
   120 | D:1      | Reached XP level 2. HP: 19/19 MP: 3/5
   126 | D:1      | Learned a level 2 spell: Passwall
   355 | D:3      | Slain by an orc

Vault maps used:
D:1:      minmay_arrival_up_and_down
D:3:      cheibrodos_fertilizer, first_ration

Skill      XL: |  1  2 |
---------------+-------+-----
Earth Magic    | 3 |  3.1
Spellcasting   | 3 |  3.0
Dodging        | |  1.8
Stealth        | |  1.5
Transmutations | |  0.7

Action                   || total
-------------------------++-------
 Cast: Sandblast         ||    22
Armor: Robe              ||     1
Dodge: Dodged            ||     9

Table legend:
 A = Spawn XP
 B = Non-spawn XP
 C = Spawn XP percentage of total XP
 D = Spawn monster count
 E = Non-spawn monster count
 F = Spawn count percentage of total count
 G = Total turns spent on level
                    A         B        C        D         E        F      G
               +---------+---------+-------+---------+---------+-------+---------
         Total |       0 |      39 |   0.0 |       0 |      13 |   0.0 |   355
               +---------+---------+-------+---------+---------+-------+---------
           D:1 |       0 |      15 |   0.0 |       0 |       5 |   0.0 |   174
           D:3 |       0 |      24 |   0.0 |       0 |       8 |   0.0 |   163
               +---------+---------+-------+---------+---------+-------+---------
